 Dungeon Crawl Stone Soup version 0.28-a0-479-g5baa6b73be (webtiles) character file.

Game seed: 281663944972667924

136 SkeletonJelly the Chopper (level 4, 0/29 (35) HPs)
             Began as a Demonspawn Chaos Knight on Sept 17, 2021.
             Was a Plaything of Xom.
             Slain by a necrophage (2 damage)
             ... on level 4 of the Dungeon.
             The game lasted 00:04:19 (2932 turns).

SkeletonJelly the Chopper (Demonspawn Chaos Knight) Turns: 2932, Time: 00:04:19

HP:   0/29 (35)     AC:  5    Str: 14 (15) XL:     4   Next: 98%
MP:   4/4           EV: 11    Int: 19 (20) God:    Xom [*.....]
Gold: 184           SH:  0    Dex: 12 (14) Spells: 2/3 levels left

rFire   + . .      SeeInvis .   a - +0 hand axe (chaos)
rCold   . . .      Faith    .   (no shield)
rNeg    . . .      Spirit   .   b - +2 leather armour
rPois   .          Reflect  .   (helmet restricted)
rElec   .          Harm     .   (no cloak)
rCorr   .          Rampage  .   (no gloves)
Will    .....                   (no boots)
Stlth   ++........              (no amulet)
HPRegen 0.09/turn               e - +6 ring of intelligence
MPRegen 0.09/turn               j - ring of protection from fire

@: heavily drained
A: talons 1, powered by death 1, claws 1, horns 1, thin skeletal structure 1,
deterioration 2, strong 1
a: Renounce Religion


You were on level 4 of the Dungeon.
You worshipped Xom.
You were a special plaything of Xom.
You visited 1 branch of the dungeon, and saw 4 of its levels.

You collected 220 gold pieces.
You spent 36 gold pieces at shops.

Inventory:

Hand Weapons
 a - a +0 hand axe of chaos (weapon)
 n - a +1 vorpal flail
Missiles
 i - 2 atropa-tipped darts (quivered)
Armour
 b - a +2 leather armour (worn)
Jewellery
 e - a +6 ring of intelligence (left claw)
 j - a ring of protection from fire (right claw)
Scrolls
 c - 3 scrolls of identify {unknown}
 d - a scroll of blinking {unknown}
 g - a scroll of noise {unknown}
 k - a scroll of immolation {unknown}
 m - a scroll of acquirement {unknown}
Potions
 f - a potion of haste {unknown}
 h - a potion of attraction {unknown}
 l - 2 potions of curing


   Skills:
 - Level 3.0 Fighting
 * Level 4.5 Axes
 + Level 3.0 Armour
 - Level 0.8 Dodging


You had 2 spell levels left.
You knew the following spells:

 Your Spells              Type           Power      Damage    Failure   Level
a - Apportation           Tloc           0%         N/A       26%         1

Your spell library contained the following spells:

 Spells                   Type           Power      Damage    Failure   Level
 Sting                    Tmut/Pois      0%         1d3       26%         1
 Poisonous Vapours        Pois/Air       0%         N/A       36%         2
 Static Discharge         Conj/Air       0%         N/A       36%         2
 Gell's Gravitas          Tloc           0%         N/A       58%         3
 Teleport Other           Tloc           0%         N/A       58%         3
 Olgreb's Toxic Radiance  Pois           0%         N/A       94%         4


Dungeon Overview and Level Annotations

Branches:
Dungeon (4/15)
 Temple: D:4-7

Altars:
Fedhas
Makhleb
Qazlal
The Shining One

Shops:
D:3 !


Innate Abilities, Weirdness & Mutations

You have sharp toenails.
You regenerate a little health from kills.
You have sharp fingernails.
You have a pair of small horns on your head.
You have a somewhat thin skeletal structure. (Dex +2, Stealth+)
Your body often deteriorates upon taking damage.
Your muscles are strong. (Str +2)


Message History

You add the spells Sting, Poisonous Vapours and Olgreb's Toxic Radiance to your library.
You now have 172 gold pieces (gained 11).
Found a robe.
Key pressed, stopping explore.
Key pressed, stopping explore.
There is a stone staircase leading down here.
Key pressed, stopping explore.
You open the door.
There is an open door here.
You open the door.
There is an open door here.
Found a blossoming altar of Fedhas.
Found a glowing golden altar of the Shining One.
There is an open door here.
Found 13 stones.
Found a stone staircase leading up.
There is a stone staircase leading up here.
Key pressed, stopping explore.
There is an open door here.
Key pressed, stopping explore.
Key pressed, stopping explore.
There is a stone staircase leading up here.
Done exploring.
Done exploring.
Done exploring.
Done exploring.
Done exploring.
Search for what [Enter for "."]? .
There is a stone staircase leading up here.
You see here a +0 rapier.
Things that are here:
a +1 vorpal flail; a +0 leather armour; an orc skeleton
n - a +1 vorpal flail Search for what [Enter for "."]? .
There is a stone staircase leading down here.
You climb downwards.
Found a scroll labelled ARA LESACE.
Found a stone staircase leading down.
There is a stone staircase leading up here.
No target in view!
No target in view!
No target in view!
No target in view!
c - 3 scrolls labelled ARA LESACE (gained 1)
Found a leather armour.
You now have 184 gold pieces (gained 12).
Found a club.
A necrophage comes into view.
A necrophage is nearby!
A necrophage is nearby!
You hit the necrophage. You burn the necrophage.
The necrophage is lightly damaged.
The necrophage hits you.
Your body deteriorates!
You feel clumsy.
You feel drained.
You take 6 damage, and have 29/33 hp.
You slash the necrophage!
Space bends around the necrophage.
The necrophage is heavily damaged.
The necrophage closely misses you.
You closely miss the necrophage. Your headbutt misses the necrophage.
The necrophage is heavily damaged.
The necrophage hits you.
Your body deteriorates!
You feel weakened.
You take 5 damage, and have 24/33 hp.
You slash the necrophage!
The necrophage seems to grow stronger.
You claw the necrophage.
The necrophage is almost destroyed.
The necrophage hits you.
You feel drained.
You take 3 damage, and have 21/32 hp.
You hit the necrophage.
The necrophage resists with almost no effort.
You claw the necrophage, but do no damage.
Your headbutt misses the necrophage.
The necrophage is almost destroyed.
The necrophage hits you but does no damage.
You closely miss the necrophage.
The necrophage is almost destroyed.
The necrophage closely misses you.
You barely miss the necrophage. Your kick misses the necrophage.
The necrophage is almost destroyed.
The necrophage hits you.
Your body deteriorates!
You feel dopey.
You feel drained. The necrophage hits you.
Your body deteriorates!
You feel clumsy.
You take 11 damage, and have 10/31 hp.
MASSIVE DAMAGE!!
You are too injured to fight recklessly!
You are too injured to fight recklessly!
You are too injured to fight recklessly!
You are too injured to fight recklessly!
You are too injured to fight recklessly!
You are too injured to fight recklessly!
You barely miss the necrophage. You claw the necrophage.
You headbutt the necrophage, but do no damage.
The necrophage is almost destroyed.
The necrophage barely misses you.
You closely miss the necrophage.
The necrophage is almost destroyed.
The necrophage hits you!
* * * LOW HITPOINT WARNING * * *
You feel drained.
You die...

#.#.#.########
....#.....#
#.#.....#.# ..
#.###...# ##
#.....#.#
#..##.#.# #.
#.##### ..[
#.#n..# #..
#.#@#
.....##...#
...)......#
#...###.### ..
... .....
.####.# .. .#
#. ?#


You could see a necrophage (strong).

Vanquished Creatures
  An orc priest (D:3)
  3 adders
  A worm (D:3)
  7 dart slugs
  3 orcs (D:3)
  5 endoplasms
  3 giant cockroaches
  11 hobgoblins
  2 jackals (D:1)
  4 kobolds (D:1)
  3 quokkas (D:1)
  9 ball pythons
  2 bats (D:3)
  6 frilled lizards
  12 goblins
  7 rats
79 creatures vanquished.

Vanquished Creatures (others)
  An orc wizard (D:3)
  An adder (D:3)
  3 orcs (D:3)
  A goblin (D:3)
  A kobold (D:1)
  9 plants (D:1)
16 creatures vanquished.

Grand Total: 95 creatures vanquished

Notes
Turn   | Place    | Note
-------+----------+-------------------------------------------
     0 | D:1      | SkeletonJelly the Demonspawn Chaos Knight began the quest
                  | for the Orb.
     0 | D:1      | Reached XP level 1. HP: 18/18 MP: 1/1
    46 | D:1      | XOM: divination: magic mapping
    50 | D:1      | XOM: destruction
    80 | D:1      | Reached skill level 3 in Axes
   191 | D:1      | Gained mutation: You regenerate a little health from kills.
                  | [demonic ancestry]
   191 | D:1      | Reached XP level 2. HP: 18/24 MP: 2/2
   619 | D:1      | Reached XP level 3. HP: 27/29 MP: 3/3
   649 | D:1      | XOM: god gift: Xom's Tome of Upheaval {god gift}
   650 | D:1      | Got Xom's Tome of Upheaval {god gift}
   655 | D:1      | Learned a level 1 spell: Apportation
   987 | D:1      | Found a faded altar of an unknown god.
  1181 | D:1      | XOM: god gift: 13 sling bullets
  1488 | D:1      | Found a stormy altar of Qazlal.
  1815 | D:2      | Found a burning altar of Makhleb.
  1831 | D:2      | XOM: 1-stop teleportation journey
  1853 | D:2      | Reached skill level 4 in Axes
  1913 | D:2      | Gained mutation: You have sharp toenails. [demonic
                  | ancestry]
  1913 | D:2      | Reached XP level 4. HP: 35/35 MP: 4/4
  2008 | D:2      | XOM: give mutations
  2008 | D:2      | Gained mutation: Your body sometimes deteriorates upon
                  | taking damage. [Xom's mischief]
  2008 | D:2      | Gained mutation: Your body often deteriorates upon taking
                  | damage. [Xom's mischief]
  2131 | D:2      | XOM: give mutations
  2131 | D:2      | Gained mutation: You have a somewhat thin skeletal
                  | structure. (Dex +2, Stealth+) [Xom's grace]
  2131 | D:2      | Gained mutation: You have sharp fingernails. [Xom's grace]
  2131 | D:2      | Gained mutation: You have a pair of small horns on your
                  | head. [Xom's grace]
  2131 | D:2      | Gained mutation: Your muscles are strong. (Str +2) [Xom's
                  | grace]
  2176 | D:2      | XOM: god gift: 2 atropa-tipped darts
  2220 | D:2      | XOM: god gift: iron ring {god gift}
  2409 | D:3      | XOM: stealth player
  2460 | D:3      | XOM: destruction
  2596 | D:3      | Found Tizaic's Distillery.
  2617 | D:3      | Bought a potion of curing for 36 gold pieces
  2703 | D:3      | Found a blossoming altar of Fedhas.
  2921 | D:4      | Noticed a necrophage
  2932 | D:4      | Slain by a necrophage

Illustrated notes

Levels and vault maps discovered:
D:1:      dpeg_arrival_lava_altar, layout_basic,
          dilly_ecumenical_altar_fadedgnrine, minivault_5,
          minmay_misc_feat_secret_circle, minmay_worlds_worst_comb
D:2:      cheibrodos_greedy_goblins, layout_basic, basic_altar,
          kennysheep_generic_room_13
D:3:      layout_rooms, mainiacjoe_overflow_swirl, serial_shops,
          nicolae_diamond_shop
D:4:      layout_basic, nicolae_overflow_hidden_temple, amcnicky_mini_pool_small

Skill      XL: |  1  2  3  4 |
---------------+-------------+-----
Axes           | 3 4 |  4.5
Armour         | 2 3 |  3.0
Fighting       | |  3.0
Dodging        | |  0.8

Action                   |  1- 3 |  4- 6 || total
-------------------------+-------+-------++-------
Melee: Hand axe          |   138 |    61 ||   199
       Kick              |       |    16 ||    16
       Headbutt          |       |     9 ||     9
 Stab: Paralysed         |     3 |       ||     3
       Confused          |     1 |       ||     1
       Sleeping          |     1 |     5 ||     6
Armor: Leather armour    |    36 |    11 ||    47
Dodge: Dodged            |    75 |    32 ||   107

Table legend: (Time is in decaauts)
 A = Elapsed time spent in this place.
 B = Non-inter-level travel time spent in this place.
 C = Inter-level travel time spent in this place.
 D = Time resting spent in this place.
 E = Time spent auto-exploring this place.
 F = Levels seen in this place.
 G = Mean time per level.
                   A        B        C        D        E       F      G
               +--------+--------+--------+--------+--------+-----+--------+
         Total |   2954 |   2882 |     72 |      0 |   2429 |   4 |  738.5 |
       Dungeon |   2954 |   2882 |     72 |      0 |   2429 |   4 |  738.5 |
               +--------+--------+--------+--------+--------+-----+--------+

Top non-repeatable levels by time:
     D:1: 1545 daAuts
     D:2: 883 daAuts
     D:3: 499 daAuts
     D:4: 25 daAuts
